 Dungeon Crawl Stone Soup version 0.29.1-1-gd02db69 (webtiles) character file.

Game seed: 7502389953896052732

3502 Bazzalis the Cleaver (level 10, -4/84 HPs)
             Began as a Gargoyle Fighter on Feb 24, 2023.
             Was an Initiate of Gozag.
             Slain by a two-headed ogre
             ... wielding a +0 giant club
              (15 damage)
             ... on level 7 of the Dungeon.
             The game lasted 00:33:23 (6014 turns).

Bazzalis the Cleaver (Gargoyle Fighter)             Turns: 6014, Time: 00:33:24

Health: -4/84      AC: 25    Str: 25    XL:     10   Next: 7%
Magic:  10/10      EV:  2    Int:  8    God:    Gozag
Gold:   413        SH:  0    Dex:  9    Spells: 9/9 levels left

rFire   + . .      SeeInvis .   a - +3 battleaxe
rCold   + . .      Faith    .   (shield currently unavailable)
rNeg    + . .      Spirit   .   (body armour currently unavailable)
rPois   ∞          Reflect  .   (helmet currently unavailable)
rElec   +          Harm     .   (cloak currently unavailable)
rCorr   +          Rampage  .   (gloves currently unavailable)
Will    .....      NoTele   +   (boots currently unavailable)
Stlth   +.........              p - amulet of regeneration
HPRegen 1.04/turn               (no ring)
MPRegen 0.12/turn               (no ring)

@: mighty, tree-form, resistant
A: stationary, stasis, torment immunity, boosted hp, sickness immunity, AC +7,
negative energy resistance 1, (electricity resistance), torment resistance 1,
petrification resistance
a: End Transformation, Renounce Religion, Potion Petition, Call Merchant, Bribe
Branch


You were on level 7 of the Dungeon.
You worshipped Gozag.
Gozag was aware of your devotion.
You were a tree.
You visited 1 branch of the dungeon, and saw 8 of its levels.

You collected 1005 gold pieces.
You paid 592 gold pieces to Gozag.

Inventory:

Hand Weapons
 a - a +3 battleaxe (weapon)
 f - a +0 hand axe of electrocution
 E - a +2 flail
Missiles
 n - 3 poisoned darts (quivered)
 J - 4 boomerangs
Armour
 b - a +0 scale mail (melded)
 c - a +0 buckler
 r - a +1 pair of boots (melded)
 s - a +0 cloak (melded)
Jewellery
 k - a ring of fire
 p - an amulet of regeneration (around neck)
 q - a ring of wizardry
Wands
 w - a wand of polymorph (9)
 C - a wand of roots (22)
Scrolls
 e - 4 scrolls of teleportation {unknown}
 h - a scroll of butterflies {unknown}
 l - a scroll of amnesia
 t - 3 scrolls of blinking {unknown}
 u - a scroll of torment {unknown}
 v - 2 scrolls of enchant weapon {unknown}
 x - a scroll of identify
 y - a scroll of brand weapon {unknown}
 A - a scroll of fear {unknown}
 D - a scroll of summoning {unknown}
 G - a scroll of poison {unknown}
 I - a scroll of magic mapping {unknown}
Potions
 d - a potion of might
 g - 3 potions of haste
 i - a potion of invisibility
 j - a potion of ambrosia {unknown}
 m - 4 potions of curing {unknown}
 o - a potion of heal wounds {unknown}
 z - a potion of lignification {unknown}
 B - a potion of attraction {unknown}
 F - a potion of brilliance {unknown}
 H - a potion of berserk rage {unknown}


   Skills:
 - Level 3.2 Fighting
 * Level 12.3(12.6) Axes
 - Level 4.0(9.6) Maces & Flails
 - Level 3.2 Armour
 - Level 3.2 Shields


You had 9 spell levels left.
You didn't know any spells.
Your spell library contained the following spells:

 Spells                   Type           Power      Damage    Failure   Level
 Beastly Appendage        Tmut           0%         N/A       41%         1
 Wereblood                Tmut           0%         N/A       54%         2
 Confusing Touch          Hex            0%         N/A       78%         3
 Ignite Poison            Fire/Tmut/Pois 0%         N/A       78%         3
 Mephitic Cloud           Conj/Pois/Air  0%         N/A       78%         3
 Spider Form              Tmut/Pois      0%         N/A       78%         3
 Freezing Cloud           Conj/Ice/Air   0%         6-21      100%        5
 Yara's Violent Unravell  Hex/Tmut       0%         3d3       100%        5
 Enfeeble                 Hex            0%         N/A       100%        7


Dungeon Overview and Level Annotations

Branches:
Dungeon (8/15)
 Temple: D:4-7         Lair: D:8-11

Altars:
Gozag
Kikubaaqudgha


Innate Abilities, Weirdness & Mutations

You are a tree.
Your roots penetrate the ground, keeping you stationary.
You cannot be teleported.
You are immune to unholy pain and torment.
Your maximum health is greatly increased.
Your equipment is partially melded.
You are immune to sickness and miasma.
((Your stone body is resilient. (AC +7)))
You are immune to poison.
You resist negative energy. (rN+)
((You are resistant to electric shocks. (rElec)))
You are resistant to unholy torment.
You are immune to petrification.


Message History

The centaur shoots an arrow.
The arrow hits you!
The centaur shoots an arrow.
The arrow barely misses you.
There is an open door, spattered with blood here.
There is a stone staircase leading up here.
There is a stone staircase leading up here.
You climb upwards.
There is a stone staircase leading down here.
Done exploring.
You climb downwards.
The two-headed ogre closely misses you.
The two-headed ogre hits you with a +0 giant spiked club!
There is a stone staircase leading up here.
The two-headed ogre barely misses you.
The two-headed ogre hits you with a +0 giant spiked club!
You climb upwards.
There is a stone staircase leading down here. [a] - 290 gold - haste [b] - 360 gold - brilliance and magic [c] - 459 gold - lignification, might and resistance Purchase which effect?
You no longer have enough gold to fund merchants seeking to open stores in the dungeon.
You turn into a tree.
Your +0 cloak melds into your body.
Your +1 pair of boots melds into your body.
Your +0 scale mail melds into your body.
Your roots penetrate the ground.
You feel very mighty all of a sudden.
You feel protected.
The two-headed ogre hits you with a +0 giant club!
The two-headed ogre hits you with a +0 giant spiked club!
You slash the two-headed ogre!
The two-headed ogre is moderately wounded.
You slash the two-headed ogre!
The two-headed ogre is moderately wounded.
The two-headed ogre hits you with a +0 giant club!
The two-headed ogre hits you but does no damage.
You slash the two-headed ogre!
The two-headed ogre is heavily wounded.
The two-headed ogre hits you with a +0 giant club!!
* * * LOW HITPOINT WARNING * * *
The two-headed ogre hits you with a +0 giant spiked club!
You die...
Your body crumbles into a pile of gold.

......#..##.###.........####.#.##
.######..###.#.#.######## #.###..
.######.## ##.##.# ##.#.##
........########.##### ##.##)
.######..............# #.### .#
##########.###.# #.# # .# #.# #.#
####.### .# #.# #.# #....... .#
#♣# #.# #.#..### .# #O# #.#
#.#.## .# #.# #.# ###.#.#### .#
#.# #.# #.........
.###############.# #.# #.#######.
.#...............# #.# #.# #.
#..############### #)# #.# #.
.### #.# #.# #. .#
#########)###.# #.


You could see a two-headed ogre.

Vanquished Creatures
  Duvessa (D:6)
  4 ice beasts
  A sky beast (D:8)
  A black bear (D:6)
  2 ogres (D:5)
  3 centaurs
  A phantom (D:5)
  5 bullfrogs
  2 necrophages
  4 scorpions
  8 wights
  Dowan (D:6)
  5 killer bees (D:8)
  4 howler monkeys
  An electric eel (D:8)
  5 hounds
  2 gnoll boudas (D:6)
  3 orc priests
  A jelly (D:4)
  An iguana (D:6)
  6 orc wizards
  3 adders
  15 gnolls
  A shadow imp (D:8)
  3 white imps
  An ufetubus (D:6)
  3 worms
  3 dart slugs
  22 orcs
  4 ball pythons
  9 endoplasms
  5 goblins
  8 hobgoblins
  10 jackals
  6 quokkas
  11 bats
  2 frilled lizards
  9 kobolds
  A rat (D:3)
177 creatures vanquished.

Vanquished Creatures (others)
  5 plants (D:3)
5 creatures vanquished.

Grand Total: 182 creatures vanquished

Notes
Turn   | Place    | Note
-------+----------+-------------------------------------------
     0 | D:1      | Bazzalis the Gargoyle Fighter began the quest for the Orb.
     0 | D:1      | Reached XP level 1. HP: 14/14 MP: 1/1
   281 | D:1      | Reached skill level 1 in Axes
   282 | D:1      | Reached XP level 2. HP: 17/19 MP: 2/2
   684 | D:1      | Found a faded altar of an unknown god.
   784 | D:1      | Reached skill level 2 in Axes
   837 | D:2      | Reached XP level 3. HP: 22/23 MP: 3/3
  1219 | D:2      | Reached skill level 3 in Axes
  1219 | D:2      | Reached XP level 4. HP: 28/28 MP: 4/4
  1758 | D:3      | Reached skill level 4 in Axes
  1758 | D:3      | Reached XP level 5. HP: 16/32 MP: 5/5
  1854 | D:3      | Found an ancient bone altar of Kikubaaqudgha.
  2591 | D:4      | Reached skill level 5 in Axes
  2591 | D:4      | Reached XP level 6. HP: 37/37 MP: 6/6
  3014 | D:5      | Entered Level 5 of the Dungeon
  3014 | D:5      | Noticed an ice beast
  3014 | D:5      | Noticed an ice beast
  3014 | D:5      | You fall into a shaft and drop 3 floors!
  3043 | D:7      | Reached skill level 6 in Axes
  3050 | D:7      | Reached XP level 7. HP: 41/41 MP: 7/7
  3175 | D:7      | Reached skill level 7 in Axes
  3202 | D:7      | Found an opulent altar of Gozag.
  3217 | D:7      | Became a worshipper of Gozag Ym Sagoz the Greedy
  3332 | D:6      | Noticed Duvessa
  3337 | D:6      | Noticed Dowan
  3346 | D:6      | Killed Duvessa
  3404 | D:5      | Reached skill level 8 in Axes
  3404 | D:5      | Reached XP level 8. HP: 25/46 MP: 8/8
  3552 | D:5      | Reached skill level 9 in Axes
  3995 | D:6      | Killed Dowan
  4318 | D:6      | Reached skill level 10 in Axes
  4348 | D:6      | Reached XP level 9. HP: 51/51 MP: 9/9
  4882 | D:7      | Reached skill level 11 in Axes
  5657 | D:8      | Reached skill level 12 in Axes
  5742 | D:8      | Reached XP level 10. HP: 55/56 MP: 10/10
  5984 | D:8      | Noticed a two-headed ogre
  6014 | D:7      | Slain by a two-headed ogre

Illustrated notes

Levels and vault maps discovered:
D:1:      dpeg_arrival_boxorama, layout_basic,
          shapermc_ecumenical_altar_mp_highgroup
D:2:      layout_rooms
D:3:      layout_loops_corners, nicolae_overflow_hidden_temple, serial_forest,
          infiniplex_forest_lined_ring, infiniplex_forest_clump_medium,
          infiniplex_forest_lined_room_2, infiniplex_forest_straight_1,
          infiniplex_forest_clump_cross, infiniplex_forest_straight_3,
          infiniplex_forest_corner_2
D:4:      layout_gridville, hangedman_feature_mirror
D:5:      layout_rooms, minmay_temple_entry_from_below_a
D:6:      layout_basic, chequers_ossuary_entry_cave, uniq_duvessa
D:7:      layout_loops_ring, nicolae_gozag_seed_capital
D:8:      layout_rooms, kennysheep_diamond

Skill      XL: |  1  2  3  4  5  6  7  8  9 |
---------------+----------------------------+-----
Axes           | 1 2 3 4 5 6 8 10 12 | 12.3
Maces & Flails | 4 |  4.0
Fighting       | |  3.2
Armour         | |  3.2
Shields        | |  3.2

Action                   |  1- 3 |  4- 6 |  7- 9 | 10-12 || total
-------------------------+-------+-------+-------+-------++-------
Melee: Hand axe          |    92 |   209 |   263 |       ||   564
       Flail             |     1 |       |    29 |       ||    30
       Battleaxe         |       |       |    53 |    17 ||    70
Invok: Potion Petition   |       |       |       |     1 ||     1
  Use: Potion            |       |     1 |     1 |       ||     2
       Scroll            |       |       |     3 |       ||     3
 Stab: Invisible         |       |       |     1 |       ||     1
       Distracted        |       |       |     1 |       ||     1
Armor: Scale mail        |    65 |   114 |   143 |    12 ||   334
       Skin              |       |       |       |     1 ||     1
Dodge: Dodged            |    60 |    76 |    97 |     7 ||   240
Block: Buckler           |    19 |    29 |    44 |       ||    92
